 Dungeon Crawl Stone Soup version 0.27.1 (webtiles) character file.

Game seed: 17992436241910128413

1114 acemry the Cleaver (level 8, 0/64 HPs)
             Began as a Minotaur Fighter on Sept 4, 2021.
             Slain by a yak (10 damage)
             ... on level 5 of the Dungeon.
             The game lasted 00:06:32 (5813 turns).

acemry the Cleaver (Minotaur Fighter)               Turns: 5813, Time: 00:06:33

Health: 0/64       AC:  6    Str: 23    XL:     8   Next: 12%
Magic:  7/7        EV:  9    Int:  5    God:
Gold:   239        SH:  0    Dex: 10    Spells: 7/7 levels left

rFire    . . .     SeeInvis .   a - +2 war axe
rCold    . . .     Faith    .   (no shield)
rNeg     . . .     Spirit   .   b - +0 scale mail
rPois    .         Reflect  .   (helmet restricted)
rElec    .         Harm     .   (no cloak)
rCorr    .         Rampage  .   (no gloves)
Will     .....                  (no boots)
Stlth    ..........             (no amulet)
HPRegen  0.20/turn              g - ring of flight
MPRegen  0.10/turn              (no ring)

@: flying, studying Crossbows
A: horns 2, retaliatory headbutt
a: no special abilities


You were on level 5 of the Dungeon.
You visited 1 branch of the dungeon, and saw 5 of its levels.

You collected 239 gold pieces.

Inventory:

Hand Weapons
 a - a +2 war axe (weapon)
Missiles
 k - 4 atropa-tipped darts (quivered)
Armour
 b - a +0 scale mail (worn)
 c - a +1 kite shield
Jewellery
 g - a ring of flight (left hand)
 j - a ring of magical power
 l - an amulet of magic regeneration
Scrolls
 f - 3 scrolls of identify
 h - 2 scrolls of magic mapping
 i - a scroll of teleportation {unknown}
 m - a scroll of amnesia {unknown}
Potions
 d - a potion of might
 e - 3 potions of curing
 n - a potion of cancellation {unknown}


   Skills:
 - Level 3.6 Fighting
 + Level 11.5 Axes
 - Level 3.6 Armour
 - Level 3.6 Shields


You had 7 spell levels left.
You didn't know any spells.
Your spell library contained the following spells:

 Spells                   Type           Power      Damage    Failure   Level
 Sublimation of Blood     Necr           0%         N/A       89%         2
 Wereblood                Tmut           0%         N/A       89%         2
 Conjure Flame            Conj/Fire      0%         6-21      98%         3
 Ignite Poison            Fire/Tmut/Pois 0%         N/A       98%         3
 Sticky Flame             Conj/Fire      0%         2d3       100%        4
 Summon Hydra             Summ           0%         N/A       100%        7


Dungeon Overview and Level Annotations

Branches:
Dungeon (5/15)
 Temple: D:4-7

Altars:
Elyvilon
Qazlal
Xom


Innate Abilities, Weirdness & Mutations

You have a pair of horns on your head.
You reflexively headbutt those who attack you in melee.


Message History

The yak is severely wounded.
The yak gores you.
Unknown command.
You hit the yak. Your headbutt misses the yak.
The yak is almost dead.
The yak gores you.
You barely miss the yak.
The yak is almost dead.
The yak gores you.
You hit the yak. You headbutt the yak.
You kill the yak!
You hit the yak. The yak gores you.
Your Axes skill increases to level 11!
You hit the yak.
The yak is moderately wounded.
The yak barely misses you.
You slash the yak! You headbutt the yak.
The yak is severely wounded.
You hit the yak but do no damage. The yak gores you! x2
* * * LOW HITPOINT WARNING * * *
You are too injured to fight recklessly!
Unknown command.
You are too injured to fight recklessly!
You are too injured to fight recklessly!
You are too injured to fight recklessly!
You slash the yak! You headbutt the yak.
The yak is almost dead.
Your scale mail prevents you from hitting the yak.
The yak gores you!
* * * LOW HITPOINT WARNING * * *
The yak closely misses you.
You hit the yak.
You kill the yak!
You hit the yak but do no damage. The yak gores you but does no damage.
You have reached level 8!
You feel stronger.
You barely miss the yak. You headbutt the yak.
The yak is lightly wounded.
The yak gores you!
You die...

.....#
#..#######
#....#
#..#......
#....# ##...#
#....# #...#
#...[# ##..#
### .....#
#..#... ..####
##.#.# # ..#
#.†.#<... ..#
#@....... ..#
#†Y...... ..#
......... ..#
.......... ..#
..........#
..#
...........#
..#
............#
###
.............#


You could see a yak.

Vanquished Creatures
  2 yaks (D:5)
  A sky beast (D:5)
  2 ogres
  A centaur (D:5)
  A necrophage (D:4)
  A scorpion (D:4)
  A howler monkey (D:5)
  3 hounds
  Natasha (D:3)
  An orc wizard (D:4)
  2 hound skeletons (D:4)
  4 adders
  A shadow imp (D:5)
  2 ufetubi
  5 worms
  4 orcs (D:4)
  6 bats
  5 endoplasms
  3 giant cockroaches
  9 goblins
  5 hobgoblins
  7 jackals (D:1)
  11 kobolds
  3 quokkas
  6 ball pythons
  A frilled lizard (D:2)
  5 rats
93 creatures vanquished.

Notes
Turn   | Place    | Note
-------+----------+-------------------------------------------
     0 | D:1      | acemry the Minotaur Fighter began the quest for the Orb.
     0 | D:1      | Reached XP level 1. HP: 19/19 MP: 0/0
    43 | D:1      | Reached skill level 3 in Axes
   151 | D:1      | Reached XP level 2. HP: 23/26 MP: 1/1
   254 | D:1      | Reached skill level 4 in Axes
   335 | D:1      | Reached XP level 3. HP: 31/31 MP: 2/2
  1087 | D:2      | Reached skill level 5 in Axes
  1255 | D:2      | Found a faded altar of an unknown god.
  1605 | D:2      | Reached XP level 4. HP: 34/39 MP: 3/3
  2041 | D:3      | Found a white marble altar of Elyvilon.
  2419 | D:3      | Reached skill level 6 in Axes
  2503 | D:3      | Found a shimmering altar of Xom.
  2868 | D:3      | Noticed Natasha
  2876 | D:3      | Killed Natasha
  2877 | D:3      | Reached XP level 5. HP: 21/45 MP: 4/4
  3535 | D:4      | Noticed a necrophage
  3541 | D:4      | Killed a necrophage
  3542 | D:4      | Reached skill level 7 in Axes
  3677 | D:4      | Reached XP level 6. HP: 42/51 MP: 5/5
  3786 | D:4      | Found a stormy altar of Qazlal.
  3791 | D:4      | Reached skill level 8 in Axes
  4978 | D:5      | Entered Level 5 of the Dungeon
  4989 | D:4      | Reached skill level 9 in Axes
  5212 | D:5      | Reached XP level 7. HP: 17/57 MP: 6/6
  5506 | D:5      | Reached skill level 10 in Axes
  5799 | D:5      | Noticed a yak
  5800 | D:5      | Noticed a yak
  5800 | D:5      | Noticed a yak
  5808 | D:5      | Killed a yak
  5809 | D:5      | Reached skill level 11 in Axes
  5812 | D:5      | Killed a yak
  5813 | D:5      | Reached XP level 8. HP: 9/64 MP: 7/7
  5813 | D:5      | Slain by a yak

Illustrated notes

Levels and vault maps discovered:
D:1:      heliophobic_arrival_glass_houses, layout_basic, st_stairs_8
D:2:      layout_loops_corners, chequers_ecumenical_altar_lobes
D:3:      layout_basic, amcnicky_altar_gilded, lemuel_coloured_pillars_altar,
          uniq_natasha
D:4:      layout_loops_corners, mainiacjoe_overflow_concentric_impassable
D:5:      layout_basic, minmay_temple_entry_grid

Skill      XL: |  1  2  3  4  5  6  7 |
---------------+----------------------+-----
Axes           | 3 4 5 6 7 9 11 | 11.5
Fighting       | |  3.6
Armour         | |  3.6
Shields        | |  3.6

Action                   |  1- 3 |  4- 6 |  7- 9 || total
-------------------------+-------+-------+-------++-------
Melee: War axe           |    87 |   108 |    37 ||   232
       Headbutt          |    11 |    13 |     8 ||    32
  Use: Scroll            |     4 |     1 |     3 ||     8
Armor: Scale mail        |    47 |    49 |    20 ||   116
Dodge: Dodged            |    46 |    42 |    22 ||   110
